 Dungeon Crawl Stone Soup version 0.30.0-29-ga12c61a403 (webtiles) character file.

Game seed: 15085521909530418750

18 Dadbod the Ducker (level 3, 0/28 HPs)
             Began as a Meteoran Wanderer on June 22, 2023.
             Slain by a bat (1 damage)
             ... on level 1 of the Dungeon.
             The game lasted 00:02:04 (241 turns).

Dadbod the Ducker (Meteoran Wanderer)                Turns: 241, Time: 00:02:05

Health: 0/28       AC:  0    Str: 17    XL:     3   Next: 8%
Magic:  8/8        EV: 14    Int: 10    God:
Gold:   9          SH:  0    Dex: 15    Spells: 6/7 levels left

rFire   . . .        a - +0 dagger
rCold   . . .        (no shield)
rNeg    . . .        (no body armour)
rPois   .            (no helmet)
rElec   .            (no cloak)
rCorr   .            (no gloves)
SInv    .            (no boots)
Will    .....        (no amulet)
Stlth   +            (no ring)
HPRegen 0.24/turn    (no ring)
MPRegen 0.11/turn

%: no passive effects
@: glowing
A: sense surroundings 1, otherworldly, glowing, explore regen
a: no special abilities


You were on level 1 of the Dungeon.
You visited 1 branch of the dungeon, and saw 1 of its levels.

You collected 9 gold pieces.

Inventory:

Hand Weapons
 a - a +0 dagger (weapon)
Missiles
 b - 12 poisoned darts (quivered)
Armour
 c - a +2 leather armour
 e - a +0 ring mail
Potions
 d - a potion of lignification


   Skills:
 - Level 1.3 Fighting
 - Level 2.4 Throwing
 + Level 0.8 Armour
 - Level 5.4 Dodging
 - Level 2.7 Spellcasting
 - Level 1.2 Summonings


You had 6 spell levels left.
You knew the following spells:

 Your Spells              Type           Power      Damage    Failure   Level
a - Summon Small Mammal   Summ           12%        N/A       19%         1

Your spell library contained the following spells:

 Spells                   Type           Power      Damage    Failure   Level
 Call Canine Familiar     Summ           3%         N/A       47%         3


Dungeon Overview and Level Annotations

Branches:
Dungeon (1/15) Zot: 358

Altars:


Innate Abilities, Weirdness & Mutations

You passively map a small area around you.
You are easily found by Zot.
You glow in the dark.
You regain HP and MP as you explore.


Message History

The giant cockroach is moderately wounded.
The giant cockroach completely misses you.
A bat comes into view.
The giant cockroach bites you.
* * * LOW HITPOINT WARNING * * *
You closely miss the giant cockroach.
The giant cockroach is moderately wounded.
The giant cockroach bites you.
* * * LOW HITPOINT WARNING * * *
You hit the giant cockroach but do no damage.
The giant cockroach is moderately wounded.
The giant cockroach misses you.
You barely miss the giant cockroach.
The giant cockroach is moderately wounded.
The giant cockroach bites you.
* * * LOW HITPOINT WARNING * * *
You hit the giant cockroach but do no damage.
The giant cockroach is moderately wounded.
The giant cockroach barely misses you.
Unknown command.
Okay, then.
You hit the giant cockroach.
You kill the giant cockroach!
The bat barely misses you. The bat closely misses you.
You closely miss the bat. The bat barely misses you. The bat barely misses you.
You miss the bat. The bat hits you.
* * * LOW HITPOINT WARNING * * *
The bat closely misses you.
You hit the bat but do no damage. The bat completely misses you.
You miss the bat. The bat completely misses you. The bat hits you.
* * * LOW HITPOINT WARNING * * *
You hit the bat.
The bat is severely wounded.
The bat hits you.
* * * LOW HITPOINT WARNING * * *
The bat hits you.
You die...

, , **...# ,, ,
#..# , , #..,, * ,
,, ... , * *, , #.#
* #)# #.# #b#
###### #@#
####....# #.#
###.##.##.#####.###
#..#..............#
#.#.##.##.####....#
#.#.##.##.# #.....#
#....#.##.# ##....#
#....#....#
##.#.#########
#....#.####
#.#.†.......#


You could see a bat.

Vanquished Creatures
  3 dart slugs (D:1)
  A giant cockroach (D:1)
  A hobgoblin (D:1)
  2 kobolds (D:1)
  2 quokkas (D:1)
  A ball python (D:1)
  A frilled lizard (D:1)
  A rat (D:1)
12 creatures vanquished.

Notes
Turn   | Place    | Note
-------+----------+-------------------------------------------
     0 | D:1      | Dadbod the Meteoran Wanderer began the quest for the Orb.
     0 | D:1      | Dadbod set off with the following items: a +0 dagger, 12
                  | poisoned darts, a +2 leather armour, a potion of
                  | lignification; and the following spell memorised: Summon
                  | Small Mammal; and the following spells available to
                  | memorise: Call Canine Familiar.
     0 | D:1      | Reached XP level 1. HP: 16/16 MP: 5/5
    44 | D:1      | Reached skill level 5 in Dodging
    53 | D:1      | Reached XP level 2. HP: 12/23 MP: 6/6
   213 | D:1      | Reached XP level 3. HP: 12/28 MP: 8/8
   228 | D:1      | HP: 1/28 [giant cockroach (2)]
   235 | D:1      | HP: 1/28 [bat (1)]
   240 | D:1      | HP: 1/28 [bat (1)]
   241 | D:1      | Slain by a bat

Illustrated notes

Levels and vault maps discovered:
D:1:      dpeg_arrival_connections, layout_loops_corners

Skill      XL: |  1 |
---------------+----+-----
Dodging        | 5 |  5.4
Fighting       | |  1.3
Throwing       | |  2.4
Armour         | |  0.8
Spellcasting   | |  2.7
Summonings     | |  1.2

Action                     || total
---------------------------++-------
  Melee: Dagger            ||    86
         Punch             ||     1
 Armour: Leather armour    ||    11
  Dodge: Dodged            ||    51
